 Dungeon Crawl Stone Soup version 0.27-a0-1347-gd8886f0a89 (webtiles) character file.

Game seed: 4778524192171366651

21 dinky3 the Caller (level 2, -2/16 HPs)
             Began as a Tengu Summoner on June 28, 2021.
             Was an Initiate of Okawaru.
             Shot with an arrow by a centaur (3 damage)
             ... on level 4 of the Dungeon.
             The game lasted 00:06:10 (796 turns).

dinky3 the Caller (Tengu Summoner)                   Turns: 796, Time: 00:06:11

Health: -2/16      AC:  3    Str:  8    XL:     2   Next: 87%
Magic:  6/6        EV: 12    Int: 15    God:    Okawaru [......]
Gold:   27         SH:  0    Dex: 14    Spells: 2/5 levels left

rFire    . . .     SeeInvis .   c - +0 short sword
rCold    . . .     Faith    .   (no shield)
rNeg     . . .     Spirit   .   a - +0 robe
rPois    .         Reflect  .   e - +1 hat
rElec    .         Harm     .   (no cloak)
rCorr    .         Rampage  .   (no gloves)
Will     .....                  (boots unavailable)
Stlth    ++........             (no amulet)
HPRegen  0.05/turn              (no ring)
MPRegen  0.10/turn              (no ring)

@: attractive
A: beak, talons 3
a: Renounce Religion


You were on level 4 of the Dungeon.
You worshipped Okawaru.
Okawaru was noncommittal.
You visited 2 branches of the dungeon, and saw 6 of its levels.

You collected 27 gold pieces.

Inventory:

Hand Weapons
 c - a +0 short sword (weapon)
Missiles
 g - 10 poisoned darts
Armour
 a - a +0 robe (worn)
 e - a +1 hat (worn)
Wands
 i - a wand of digging (6)
Scrolls
 b - a scroll of enchant armour {unknown}
 h - a scroll of teleportation {unknown}
 j - a scroll of identify {unknown}
 k - a scroll of noise {unknown}
Potions
 l - a potion of degeneration {unknown}
 m - a potion of lignification {unknown}
 n - a potion of might {unknown}


   Skills:
 + Level 1.2 Fighting
 - Level 2.1 Dodging
 - Level 2.0 Stealth
 + Level 2.3 Spellcasting
 + Level 5.2 Summonings


You had 2 spell levels left.
You knew the following spells:

 Your Spells              Type           Power      Damage    Failure   Level
a - Summon Small Mammal   Summ           68%        N/A       2%          1
b - Call Imp              Summ           17%        N/A       3%          2

Your spell library contained the following spells:

 Spells                   Type           Power      Damage    Failure   Level
 Sting                    Tmut/Pois      4%         1d3       22%         1
 Poisonous Vapours        Pois/Air       2%         N/A       32%         2
 Call Canine Familiar     Summ           17%        N/A       8%          3
 Summon Guardian Golem    Hex/Summ       9%         N/A       22%         3
 Ignite Poison            Fire/Tmut/Pois 1%         N/A       54%         3
 Mephitic Cloud           Conj/Pois/Air  1%         N/A       54%         3
 Summon Ice Beast         Ice/Summ       9%         N/A       58%         4
 Summon Lightning Spire   Summ/Air       9%         N/A       58%         4
 Olgreb's Toxic Radiance  Pois           1%         N/A       91%         4


Dungeon Overview and Level Annotations

Branches:
Dungeon (5/15)             Temple (1/1) D:4

Altars:
Ashenzari
Dithmenos
Fedhas
Kikubaaqudgha
Makhleb
Nemelex Xobeh
Okawaru
Qazlal
Ru
Sif Muna
Trog
Uskayaw
Vehumet
The Shining One


Innate Abilities, Weirdness & Mutations

You have a beak for a mouth.
You have claws for feet.


Message History

You don't know that spell.
Unknown command.
Casting: Call Imp (safe; 3% risk of failure)
Confirm with . or Enter, or press ? or * to list all spells.
Okay, then.
There is a stone staircase leading up here.
You climb upwards.
There is a stone staircase leading down here.
You see here a +0 short sword.
Found 16 gold pieces. 2 centaurs come into view.
Found a manual of Maces & Flails.
You see here 16 gold pieces.
The centaur shouts! x2
The centaur wields a +0 shortbow.
The centaur shoots an arrow.
The arrow hits you!
Okay, then.
A hound skeleton comes into view.
The centaur unwields a +0 shortbow.
The centaur hits you. The centaur closely misses you. The centaur hits you.
* * * LOW HITPOINT WARNING * * *
The centaur kicks you.
* * * LOW HITPOINT WARNING * * *
It was a potion of attraction.
You feel attractive to monsters.
The centaur hits you but does no damage.
The centaur misses you.
The hound skeleton is pulled toward you!
It was a potion of curing.
You feel better. The centaur hits you.
* * * LOW HITPOINT WARNING * * *
The centaur kicks you.
* * * LOW HITPOINT WARNING * * *
Unknown command.
The centaur hits you but does no damage.
The centaur closely misses you.
Okay, then.
Okay, then.
The centaur wields a +0 shortbow.
The centaur shoots an arrow.
The arrow hits you.
You die...

#..# #..## #...##
#################....#####.
....)......................
####.#############..##.##..
#.# #.##...# #.#
#########.#..##.# #.#
.......@.ccZ.:... #.#
#########.#.##..# #.#
#.##.. #.# ... #.# #.# ##..
... # ... ... ...# ## ....


You could see 2 centaurs and a hound skeleton.

Vanquished Creatures
  A bat (D:2)
  An endoplasm (D:2)
  A frilled lizard (D:3)
  A goblin (D:1)
  A kobold (D:1)
5 creatures vanquished.

Vanquished Creatures (collateral kills)
  A gnoll (D:2)
  An adder (D:2)
  2 ball pythons (D:2)
  2 endoplasms (D:1)
  2 hobgoblins
  A goblin (D:2)
  A kobold (D:3)
  A rat (D:2)
11 creatures vanquished.

Grand Total: 16 creatures vanquished

Notes
Turn   | Place    | Note
-------+----------+-------------------------------------------
     0 | D:1      | dinky3 the Tengu Summoner began the quest for the Orb.
     0 | D:1      | Reached XP level 1. HP: 10/10 MP: 4/4
   146 | D:2      | Reached skill level 5 in Summonings
   146 | D:2      | Reached XP level 2. HP: 13/16 MP: 1/6
   149 | D:2      | Learned a level 2 spell: Call Imp
   359 | D:2      | Reached skill level 1 in Fighting
   692 | D:3      | You fall into a shaft and drop 1 floor!
   694 | D:4      | Found a staircase to the Ecumenical Temple.
   701 | Temple   | Entered the Ecumenical Temple
   704 | Temple   | Became a worshipper of Warmaster Okawaru
   751 | D:5      | Entered Level 5 of the Dungeon
   788 | D:4      | Noticed a centaur
   788 | D:4      | Noticed a centaur
   796 | D:4      | Shot with an arrow by a centaur

Illustrated notes

Levels and vault maps discovered:
D:1:      ebering_hopf_link, layout_basic, nrook_mini_backslash,
          minmay_misc_feat_iff
D:2:      layout_basic
D:3:      layout_loops_corners, hellmonk_ecumenical_altar_dog_temple
D:4:      layout_loops_ring, minmay_temple_entry_mist,
          chequers_serial_rivers_micro_e, minmay_manual_mares
D:5:      layout_loops_ring, gammafunk_ghost_arena, nrook_loot_triangle,
          uniq_crazy_yiuf_cottage
Temple:   dpeg_three_leaves_temple

Skill      XL: |  1  2 |
---------------+-------+-----
Summonings     | 5 |  5.2
Fighting       | 1 |  1.2
Dodging        | |  2.1
Stealth        | |  2.0
Spellcasting   | |  2.3

Action                   || total
-------------------------++-------
Melee: Short sword       ||     8
       Unarmed           ||     2
       Kick              ||     2
       Peck              ||     1
 Cast: Summon Small Mamm ||    10
       Call Imp          ||    13
  Use: Potion            ||     2
Armor: Robe              ||     7
Dodge: Dodged            ||    12

Table legend: (Time is in decaauts)
 A = Elapsed time spent in this place.
 B = Non-inter-level travel time spent in this place.
 C = Inter-level travel time spent in this place.
 D = Time resting spent in this place.
 E = Time spent auto-exploring this place.
 F = Levels seen in this place.
 G = Mean time per level.
                   A        B        C        D        E       F      G
               +--------+--------+--------+--------+--------+-----+--------+
         Total |    803 |    803 |      0 |      0 |      0 |   6 |  133.8 |
       Dungeon |    796 |    796 |      0 |      0 |      0 |   5 |  159.2 |
        Temple |      6 |      6 |      0 |      0 |      0 |   1 |    6.0 |
               +--------+--------+--------+--------+--------+-----+--------+

Top non-repeatable levels by time:
     D:2: 364 daAuts
     D:3: 188 daAuts
     D:1: 141 daAuts
     D:4: 95 daAuts
  Temple: 6 daAuts
     D:5: 5 daAuts
